 Dungeon Crawl Stone Soup version 0.28-a0-1510-gd0f6b136d3 (webtiles) character file.

Game seed: 17792076219534500586

152 oldriver the Skirmisher (level 5, -8/46 HPs)
             Began as a Ghoul Chaos Knight on Jan 14, 2022.
             Was a Plaything of Xom.
             Mangled by a gnoll (10 damage)
             ... on level 2 of the Dungeon.
             The game lasted 00:01:10 (1708 turns).

oldriver the Skirmisher (Ghoul Chaos Knight)        Turns: 1708, Time: 00:01:11

Health: -8/46      AC:  5    Str: 18    XL:     5   Next: 34%
Magic:  4/4        EV: 11    Int:  7    God:    Xom [*.....]
Gold:   50         SH:  0    Dex:  8    Spells: 4/4 levels left

rFire   . . .      SeeInvis .   a - +0 hand axe (chaos)
rCold   + . .      Faith    .   (no shield)
rNeg    + + +      Spirit   .   b - +2 leather armour
rPois   ∞          Reflect  .   (no helmet)
rElec   .          Harm     .   (no cloak)
rCorr   .          Rampage  .   (no gloves)
Will    .....                   (no boots)
Stlth   +.........              (no amulet)
HPRegen 0.00/turn               (no ring)
MPRegen 0.09/turn               (no ring)

@: inhibited regen
A: claws 1, cold resistance 1, negative energy resistance 3, inhibited
regeneration, torment resistance 2
a: Renounce Religion


You were on level 2 of the Dungeon.
You worshipped Xom.
You were a special plaything of Xom.
You visited 1 branch of the dungeon, and saw 2 of its levels.

You collected 50 gold pieces.

Inventory:

Hand Weapons
 a - a +0 hand axe of chaos (weapon)
Armour
 b - a +2 leather armour (worn)
Scrolls
 e - a scroll of magic mapping {unknown}
Potions
 c - a potion of might {unknown}
 d - a potion of curing {unknown}
 f - a potion of degeneration {unknown}


   Skills:
 + Level 4.2 Fighting
 + Level 3.5 Axes
 + Level 2.8 Armour
 + Level 2.3 Dodging


You had 4 spell levels left.
You didn't know any spells.
Your spell library was empty.

Dungeon Overview and Level Annotations

Branches:
Dungeon (2/15)

Altars:
Hepliaklqana


Innate Abilities, Weirdness & Mutations

You thrive by killing the living.
You are immune to poison.
You have sharp fingernails.
Your flesh is cold resistant. (rC+)
You are immune to negative energy. (rN+++)
You do not regenerate when monsters are visible.
You are immune to unholy pain and torment.


Message History

You see here a +0 mace.
A gnoll comes into view. It is wielding a +0 club.
The gnoll shouts!
A gnoll is nearby!
A gnoll is nearby!
A gnoll is nearby!
Found a leather armour.
A gnoll comes into view. It is wielding a +2 spear of flaming.
The gnoll shouts!
You hit the gnoll.
The gnoll appears confused.
The gnoll is heavily wounded.
A gnoll comes into view. It is wielding a +0 flail.
The gnoll barely misses you. x2
You barely miss the gnoll.
The gnoll is heavily wounded.
You hit the gnoll.
The gnoll goes berserk!
You completely miss the gnoll.
The gnoll hits you with a +2 spear of flaming!
The gnoll burns you.
The gnoll hits the gnoll with a +0 club.
The gnoll completely misses you. The gnoll hits you with a +0 flail.
The gnoll hits you from afar with a +2 spear of flaming.
The gnoll burns you. The gnoll completely misses you.
The gnoll hits you from afar with a +2 spear of flaming!
* * * LOW HITPOINT WARNING * * *
The gnoll burns you.
* * * LOW HITPOINT WARNING * * *
The gnoll misses the gnoll.
The gnoll barely misses you.
The gnoll hits you from afar with a +2 spear of flaming.
* * * LOW HITPOINT WARNING * * *
The gnoll burns you.
* * * LOW HITPOINT WARNING * * *
The gnoll closely misses you.
The gnoll rages.
The gnoll hits you from afar with a +2 spear of flaming.
* * * LOW HITPOINT WARNING * * *
The gnoll burns you.
* * * LOW HITPOINT WARNING * * *
The gnoll hits you from afar with a +2 spear of flaming!
You die...

###♣ #.# ##.##.#..#..#..##...##
.... #.#.#.....#..#............
....## #.#.#.....#..##.#..##.....
...g.# #.#................##...P.
.....# #.#.#.....#..##.#...P.P♣..
.###g###..................P.P♣P.#
#.....#.##.##.#.......P.♣♣.♣..
#.#...#.##.##.#........♣P.P...
#.#...#.##gg.@....#...♣♣.....#
#.............#.<...P♣♣.......
#.#...#.#####.#..##.....#.##.#
.#.#...#.# #.#..##.##.##.##..
#...#...#.#####.#..##.##....####
................................
....#...#####.#.#####.♣♣P.♣.####
##..#...#####.#.......♣♣........
.............#.#..####.P.P.P.....


You could see 2 gnolls.

Vanquished Creatures
  An ogre (D:2)
  An adder (D:2)
  A gnoll (D:1)
  A river rat (D:2)
  2 dart slugs (D:1)
  3 bats
  5 endoplasms
  A giant cockroach (D:1)
  4 jackals (D:1)
  3 kobolds
  2 quokkas (D:1)
  4 ball pythons
  2 frilled lizards (D:1)
  3 goblins (D:1)
  3 rats
36 creatures vanquished.

Notes
Turn   | Place    | Note
-------+----------+-------------------------------------------
     0 | D:1      | oldriver the Ghoul Chaos Knight began the quest for the
                  | Orb.
     0 | D:1      | Reached XP level 1. HP: 19/19 MP: 0/0
     7 | D:1      | XOM: silly message
    10 | D:1      | XOM: silly message
    12 | D:1      | Reached skill level 1 in Dodging
    69 | D:1      | XOM: silly message
    72 | D:1      | Reached XP level 2. HP: 26/26 MP: 1/1
   224 | D:1      | XOM: potion effect (haste)
   230 | D:1      | Reached XP level 3. HP: 14/33 MP: 2/2
   525 | D:1      | XOM: cloud trail
   579 | D:1      | XOM: 1-stop teleportation journey
  1042 | D:2      | XOM: polymorph endoplasm -> river rat
  1043 | D:2      | XOM: silly message
  1244 | D:2      | Found a hazy altar of Hepliaklqana.
  1271 | D:2      | Noticed an ogre
  1273 | D:2      | XOM: blink monster(s)
  1277 | D:2      | Reached XP level 4. HP: 23/40 MP: 3/3
  1278 | D:2      | Killed an ogre
  1279 | D:2      | Reached skill level 4 in Fighting
  1279 | D:2      | Reached XP level 5. HP: 26/46 MP: 4/4
  1395 | D:2      | XOM is BORED!
  1519 | D:2      | XOM: silly message
  1706 | D:2      | HP: 2/46 [gnoll (1)]
  1708 | D:2      | Mangled by a gnoll

Illustrated notes

Levels and vault maps discovered:
D:1:      psy_arrival_whirlpool, layout_basic, solitary_fountain,
          chequers_serial_rivers_large_a, minmay_misc_feat_room
D:2:      layout_basic, basic_altar, serial_forest,
          infiniplex_forest_clump_double, infiniplex_forest_corner_1,
          infiniplex_forest_lined_room_2, infiniplex_forest_end_2,
          infiniplex_forest_zigzag_1, infiniplex_forest_straight_4,
          infiniplex_forest_clump_diagonal

Skill      XL: |  1  2  3  4 |
---------------+-------------+-----
Dodging        | 1 2 |  2.3
Armour         | 2 |  2.8
Axes           | 3 |  3.5
Fighting       | 4 |  4.2

Action                   |  1- 3 |  4- 6 || total
-------------------------+-------+-------++-------
Melee: Hand axe          |    79 |    11 ||    90
       Punch             |     1 |       ||     1
 Stab: Paralysed         |     2 |       ||     2
       Sleeping          |     1 |       ||     1
Armor: Leather armour    |    26 |     5 ||    31
Dodge: Dodged            |    54 |    17 ||    71

Table legend: (Time is in decaauts)
 A = Elapsed time spent in this place.
 B = Non-inter-level travel time spent in this place.
 C = Inter-level travel time spent in this place.
 D = Time resting spent in this place.
 E = Time spent auto-exploring this place.
 F = Levels seen in this place.
 G = Mean time per level.
                   A        B        C        D        E       F      G
               +--------+--------+--------+--------+--------+-----+--------+
         Total |   1708 |   1698 |     10 |      0 |   1462 |   2 |  854.0 |
       Dungeon |   1708 |   1698 |     10 |      0 |   1462 |   2 |  854.0 |
               +--------+--------+--------+--------+--------+-----+--------+

Top non-repeatable levels by time:
     D:1: 1029 daAuts
     D:2: 679 daAuts
